 Dungeon Crawl Stone Soup version 0.23-a0-143-g1adec7b (webtiles) character file.

1597 mopl the Caller (level 8, -23/52 HPs)
             Began as a Mummy Summoner on Sept 4, 2018.
             Was a Follower of Sif Muna.
             Killed from afar by a guardian golem (49 damage)
             ... with an exploding inner flame
             ... summoned by the player character
             ... on level 8 of the Dungeon.
             The game lasted 00:16:10 (9610 turns).

mopl the Caller (Mummy Summoner)                    Turns: 9610, Time: 00:16:11

Health: -23/52     AC:  6    Str: 11    XL:     8   Next: 62%
Magic:  1/17       EV: 27    Int: 17    God:    Sif Muna [*.....]
Gold:   433        SH:  0    Dex: 12    Spells: 2/19 levels left

rFire    x . .     SeeInvis .   a - +0 spear
rCold    + . .     Gourm    .   (no shield)
rNeg     + + +     Faith    .   i - +0 robe
rPois    ∞         Spirit   .   g - +0 helmet
rElec    .         Reflect  .   m - +1 cloak
rCorr    +         Harm     .   (no gloves)
MR       +....                  d - +0 pair of boots
Stlth    ++........             b - amulet of the acrobat
HPRegen  0.17/turn              l - ring of resist corrosion
MPRegen  0.15/turn              h - ring of wizardry

@: studying 2 skills
A: no food or potions, fire vulnerability, cold resistance 1, negative energy
resistance 3, torment resistance, unbreathing
a: Divine Energy, Renounce Religion


You were on level 8 of the Dungeon.
You worshipped Sif Muna.
Sif Muna was aware of your devotion.
You were not hungry.

You visited 2 branches of the dungeon, and saw 9 of its levels.

You collected 433 gold pieces.

Inventory:

Hand Weapons
 a - a +0 spear (weapon)
 f - a +0 halberd
Missiles
 e - 3 tomahawks (quivered)
Armour
 d - a +0 pair of boots (worn)
 g - a +0 helmet (worn)
 i - a +0 robe (worn)
 m - a +1 cloak (worn)
Magical Staves
 A - an uncursed staff of wizardry {!a}
Jewellery
 b - an amulet of the acrobat (around neck)
 h - a ring of wizardry (right hand)
 l - a ring of resist corrosion (left hand)
 o - an uncursed ring of protection from cold
Wands
 k - a wand of paralysis (5)
 q - a wand of clouds (7)
 t - a wand of random effects (28)
 y - a wand of iceblast (6)
 z - a wand of polymorph (18)
Scrolls
 c - 4 scrolls of teleportation
 j - 2 scrolls of identify
 n - a scroll of immolation
 p - 2 scrolls of amnesia
 r - a scroll of blinking
 s - a scroll of fog
 u - 2 scrolls of remove curse
 x - a scroll of torment {unknown}
Books
 v - a manual of Slings
 w - a manual of Stealth


   Skills:
 - Level 1.5 Dodging
 - Level 1.5 Stealth
 + Level 6.3 Spellcasting
 + Level 1.4 Hexes
 * Level 6.7 Summonings
 + Level 3.2 Ice Magic
 + Level 2.6 Air Magic
 + Level 2.9 Invocations


You had 2 spell levels left.
You knew the following spells:

 Your Spells              Type           Power        Failure   Level  Hunger
a - Summon Small Mammal   Summ           ####         1%          1    N/A
b - Call Imp              Summ           ####....     1%          2    N/A
c - Call Canine Familiar  Summ           ####....     1%          3    N/A
d - Summon Ice Beast      Ice/Summ       ###.....     6%          4    N/A
e - Summon Lightning Spi  Summ/Air       ###.....     8%          4    N/A
g - Summon Guardian Gole  Hex/Summ       ###.....     2%          3    N/A

Your spell library contained the following spells:

 Spells                   Type           Power        Failure   Level  Hunger
 Magic Dart               Conj           #...         5%          1    N/A
 Searing Ray              Conj           #.....       8%          2    N/A
 Dazzling Spray           Conj/Hex       #.....       12%         3    N/A
 Fulminant Prism          Conj/Hex       #.........   34%         4    N/A
 Force Lance              Conj/Tloc      #.......     43%         4    N/A
 Iskenderun's Mystic Bla  Conj           #.......     43%         4    N/A

Dungeon Overview and Level Annotations

Branches:
Dungeon (8/15)             Temple (1/1) D:5
   Lair: D:8-11

Altars:
Ashenzari
Cheibriados
Dithmenos
Fedhas
Gozag
Hepliaklqana
Kikubaaqudgha
Makhleb
Nemelex Xobeh
Okawaru
Qazlal
Ru
Sif Muna
Vehumet
Wu Jian
Yredelemnul
Zin
The Shining One


Innate Abilities, Weirdness & Mutations

You do not eat or drink.
Your flesh is vulnerable to fire.
You are immune to poison.
Your flesh is cold resistant. (rC+)
You are immune to negative energy. (rN+++)
You are immune to unholy pain and torment.
You can survive without breathing.


Message History

You reach to attack!
You hit the eight-headed hydra.
The eight-headed hydra is moderately wounded.
Your hound bites the eight-headed hydra.
Your hound barely misses the eight-headed hydra.
Unknown command.
The kobold hits your guardian golem but does no damage.
The eight-headed hydra misses you.
The eight-headed hydra completely misses you.
The eight-headed hydra bites you!
The eight-headed hydra completely misses you.
The eight-headed hydra closely misses you. x2
The eight-headed hydra misses you. The eight-headed hydra bites you!
Your hound barely misses the eight-headed hydra.
Unknown command.
Your hound bites the eight-headed hydra.
The eight-headed hydra bites your ice beast!
Your guardian golem explodes!
The fiery explosion engulfs you! The fire burns you terribly!
Ouch! That really hurt!
You die...

... .# .....#
...[.# #
#>#..#####
..#####.#......#
.......).......
#...)§§..#
#..K.h..#
#..@YD..#
#.......#
#.......#
#########


You could see an eight-headed hydra, a kobold, a friendly ice beast and a
friendly hound.

Vanquished Creatures
  A bullfrog (D:6)
  A scorpion (D:4)
  A wight (D:6)
  A howler monkey (D:7)
  A bullfrog zombie (D:5)
  A crimson imp (D:5)
  A bullfrog skeleton (D:6)
  A jelly (D:5)
  2 worker ants
  A hound skeleton (D:4)
  3 gnolls (D:5)
  2 adders
  An adder skeleton (D:6)
  A leopard gecko (D:5)
  4 orcs
  A ball python (D:3)
  3 bats
  5 giant cockroaches
  4 goblins
  6 hobgoblins
  2 jackals
  2 quokkas
  3 frilled lizards
  A jackal skeleton (D:4)
  7 kobolds
  3 rats
59 creatures vanquished.

Vanquished Creatures (collateral kills)
  Pikel (D:6)
  Menkaure (D:6)
  An ice beast (D:7)
  2 orc warriors (D:6)
  4 slaves (D:6)
  A necrophage (D:6)
  2 phantoms
  An ogre (D:5)
  A centaur (D:5)
  2 scorpions
  3 wights (D:6)
  A howler monkey (D:7)
  2 crimson imps
  A hound (D:4)
  A centaur skeleton (D:5)
  An iguana (D:4)
  5 orc wizards
  2 worker ants
  A killer bee zombie (D:7)
  A hound skeleton (D:5)
  A worker ant zombie (D:6)
  9 gnolls
  A shadow imp (D:5)
  An adder zombie (D:5)
  2 worms
  A leopard gecko (D:8)
  13 orcs
  4 giant cockroaches
  3 goblins
  5 hobgoblins
  4 jackals
  9 kobolds
  A leopard gecko skeleton (D:5)
  A rat (D:3)
89 creatures vanquished.

Grand Total: 148 creatures vanquished

Notes
Turn   | Place    | Note
-------+----------+-------------------------------------------
     0 | D:1      | mopl the Mummy Summoner began the quest for the Orb.
     0 | D:1      | Reached XP level 1. HP: 13/13 MP: 4/4
   720 | D:1      | Reached skill level 3 in Spellcasting
   848 | D:1      | Reached XP level 2. HP: 4/19 MP: 0/6
   855 | D:1      | Learned a level 2 spell: Call Imp
  2423 | D:2      | Reached XP level 3. HP: 21/24 MP: 7/7
  2428 | D:2      | Learned a level 3 spell: Call Canine Familiar
  3031 | D:3      | Reached skill level 4 in Summonings
  3097 | D:3      | Found a shadowy altar of Dithmenos.
  3405 | D:3      | Reached XP level 4. HP: 23/30 MP: 3/9
  3850 | D:3      | Found a hazy altar of Hepliaklqana.
  4160 | D:4      | Learned a level 4 spell: Summon Ice Beast
  4169 | D:4      | Noticed a phantom
  4201 | D:4      | Killed a phantom
  4201 | D:4      | Reached skill level 4 in Spellcasting
  4201 | D:4      | Reached XP level 5. HP: 8/35 MP: 3/11
  4470 | D:4      | Found a blossoming altar of Fedhas.
  4681 | D:4      | Reached skill level 1 in Ice Magic
  4758 | D:4      | Reached skill level 5 in Summonings
  5134 | D:4      | Reached XP level 6. HP: 37/41 MP: 11/13
  5140 | D:4      | Learned a level 4 spell: Summon Lightning Spire
  5316 | D:5      | Entered Level 5 of the Dungeon
  5922 | D:5      | Reached skill level 5 in Spellcasting
  5945 | D:5      | Reached skill level 1 in Air Magic
  6008 | D:5      | Found a staircase to the Ecumenical Temple.
  6015 | Temple   | Entered the Ecumenical Temple
  6168 | Temple   | Became a worshipper of Sif Muna the Loreminder
  6200 | D:5      | Found an iron altar of Okawaru.
  6246 | D:5      | Reached skill level 2 in Ice Magic
  6330 | D:5      | Reached XP level 7. HP: 40/46 MP: 11/14
  6533 | D:5      | Found an opulent altar of Gozag.
  6784 | D:6      | Found a transporter.
  6800 | D:6      | Reached skill level 1 in Invocations
  6821 | D:6      | Found an ancient bone altar of Kikubaaqudgha.
  6825 | D:6      | Noticed Menkaure
  6831 | D:6      | Found a basalt altar of Yredelemnul.
  6834 | D:6      | Found a transporter.
  7127 | D:6      | Reached skill level 6 in Summonings
  7328 | D:6      | Noticed Pikel
  7348 | D:6      | Killed Pikel
  7348 | D:6      | Reached skill level 2 in Air Magic
  7348 | D:6      | Reached skill level 2 in Invocations
  7348 | D:6      | Reached XP level 8. HP: 21/52 MP: 2/16
  7446 | D:6      | Learned a level 3 spell: Summon Guardian Golem
  7746 | D:6      | Reached * piety under Sif Muna
  7746 | D:6      | Reached skill level 6 in Spellcasting
  7746 | D:6      | Reached skill level 3 in Ice Magic
  8118 | D:6      | Found a shattered altar of Ashenzari.
  8497 | D:6      | Killed Menkaure
  8507 | D:6      | Reached skill level 1 in Hexes
  9597 | D:8      | Noticed an eight-headed hydra
  9610 | D:8      | Killed from afar by a guardian golem

Vault maps used:
D:1:      lightli_molten_gateway, amethyst_killhole, serial_park_tiny_1,
          glass_columns_b
D:2:      hex_large
D:3:      corexii_shack_village, lemuel_coloured_pillars_altar,
          lemuel_statue_altar
D:4:      first_ration, nrook_mini_backslash, minivault_5,
          fedhas_altar_fruit_tree
D:5:      nicolae_gozag_cash_rules_everything_around_me,
          okawaru_ov_weapons_minmay, minmay_temple_entry_crystal_x,
          hangedman_abyss_or_decor_stabs
D:6:      gammafunk_temple_of_torment, nicolae_overflow_hidden_temple,
          lemuel_crystal_altar, serial_bayou_pond_e, st_stairs_8,
          bh_walls_and_bars, uniq_pikel
D:8:      david_lair_generic
Temple:   minmay_temple_curvy_branch

Skill      XL: |  1  2  3  4  5  6  7  8 |
---------------+-------------------------+-----
Spellcasting   | 3 4 5 6 |  6.3
Summonings     | 4 5 6 |  6.7
Ice Magic      | 1 2 3 |  3.2
Air Magic      | 1 2 |  2.6
Invocations    | 2 |  2.9
Hexes          | 1 |  1.4
Dodging        | |  1.5
Stealth        | |  1.5

Action                   |  1- 3 |  4- 6 |  7- 9 || total
-------------------------+-------+-------+-------++-------
Melee: Unarmed           |   210 |       |       ||   210
       Spear             |       |   179 |   210 ||   389
 Cast: Summon Small Mamm |    15 |       |       ||    15
       Call Imp          |    18 |    16 |    12 ||    46
       Call Canine Famil |     4 |    15 |    18 ||    37
       Summon Ice Beast  |       |       |    15 ||    15
       Summon Guardian G |       |       |     1 ||     1
  Use: Scroll            |     5 |     4 |     2 ||    11
 Stab: Sleeping          |     2 |     6 |     1 ||     9
       Distracted        |       |     1 |       ||     1
Armor: Robe              |    55 |    31 |    39 ||   125
Dodge: Dodged            |   181 |    85 |   142 ||   408

Table legend:
 A = Non-vault XP
 B = Vault XP
 C = Vault XP percentage of total XP
 D = Non-vault monster count
 E = Vault monster count
 F = Vault count percentage of total count
                 A         B        C        D         E       F
            +---------+---------+-------+---------+---------+-------
      Total |    1770 |     512 |  22.4 |     128 |      16 |  11.1
            +---------+---------+-------+---------+---------+-------
        D:1 |      17 |       0 |   0.0 |      13 |       0 |   0.0
        D:2 |      30 |       0 |   0.0 |      22 |       0 |   0.0
        D:3 |      63 |      17 |  21.2 |      20 |      11 |  35.5
        D:4 |     281 |       0 |   0.0 |      11 |       0 |   0.0
        D:5 |     458 |       0 |   0.0 |      28 |       0 |   0.0
        D:6 |     637 |     495 |  43.7 |      22 |       5 |  18.5
        D:7 |     254 |       0 |   0.0 |       6 |       0 |   0.0
        D:8 |      30 |       0 |   0.0 |       6 |       0 |   0.0
            +---------+---------+-------+---------+---------+-------
